 Dungeon Sprint DCSS version 0.21.1-1-g345015f (webtiles) character file.

3024 Fang the Fighter (level 9, -2/96 HPs)
             Began as a Minotaur Berserker on May 22, 2018.
             Was the Champion of Trog.
             Slain by a merfolk
             ... wielding a +0 trident
              (7 damage)
             ... in the Dungeon (Sprint V: "Ziggurat Sprint").
             The game lasted 00:03:55 (924 turns).

Fang the Fighter (Minotaur Berserker)                Turns: 924, Time: 00:03:55

Health: -2/96      AC: 10    Str: 29    XL:     9   Next: 55%
Magic:  2/2        EV: 17    Int:  4    God:    Trog [******]
Gold:   0          SH:  0    Dex: 18    Spells: 8/8 levels left

rFire    . . .     SeeInvis +   B - +6 war axe (antimagic)
rCold    . . .     Gourm    .   (no shield)
rNeg     + + .     Faith    .   I - +5 robe of Forking Paths {-Cast +Inv rC+ rN++}
rPois    .         Spirit   .   (helmet restricted)
rElec    .         Reflect  .   (no cloak)
rCorr    .         Harm     .   (no gloves)
MR       .....     NoTele   +   (no boots) Stlth ++........NoCast +
                                (no amulet)
HPRegen  0.26/turn              z - ring "Imodd" {+Fly rC- AC+3 SInv}
MPRegen  0.08/turn              b - ring "Vyb Kio" {Str+3 Dex+9}

@: berserk cooldown, slowed, studying Crossbows, very slow
A: retaliatory headbutt, horns 2
a: Berserk, Trog's Hand, Brothers in Arms, Burn Spellbooks, Renounce Religion,
Evoke Invisibility, Evoke Flight


You were in the Dungeon.
You worshipped Trog.
Trog was exalted by your worship.
You were hungry.

You visited 1 branch

Inventory:

Hand Weapons
 j - a +3 battleaxe of venom
 B - a +6 antimagic war axe (weapon)
Armour
 E - a +4 scale mail of cold resistance
 I - the +5 robe of Forking Paths (worn) {-Cast +Inv rC+ rN++}
   (You found it in the Dungeon)

   It protects you from cold.
   It greatly protects you from negative energy.
   It lets you turn invisible.
   It prevents spellcasting.
Jewellery
 b - the ring "Vyb Kio" (right hand) {Str+3 Dex+9}
   (You found it in the Dungeon)

   [ring of strength]

   It affects your strength (+3).
   It affects your dexterity (+9).
 z - the ring "Imodd" (left hand) {+Fly rC- AC+3 SInv}
   (You found it in the Dungeon)

   [ring of protection]

   It affects your AC (+3).
   It makes you vulnerable to cold.
   It lets you see invisible.
   It lets you fly.
 C - the ring of Shadows {Umbra +Inv Stlth+}
   (You found it in the Dungeon)

   [ring of stealth]

   It lets you turn invisible.
   It makes you more stealthy.
 F - the ring "Emeufit" {rC- Dex+4 SInv Stlth+}
   (You found it in the Dungeon)

   [ring of see invisible]

   It affects your dexterity (+4).
   It makes you vulnerable to cold.
   It lets you see invisible.
   It makes you more stealthy.
 G - a +5 ring of slaying
Wands
 w - a wand of disintegration (7)
 x - a wand of iceblast (7)
 y - a wand of acid (7)
Scrolls
 i - 4 scrolls of blinking
 l - 7 scrolls of fog
 m - a scroll of holy word
 n - 5 scrolls of identify
 o - 5 scrolls of remove curse
 p - 2 scrolls of fear
Potions
 d - 10 potions of curing
 e - 10 potions of heal wounds
 f - 6 potions of haste
 g - 7 potions of magic
 h - 3 potions of berserk rage
 q - 2 potions of brilliance
 r - 2 potions of invisibility
 s - 4 potions of resistance
 t - a potion of experience
 u - 6 potions of agility
 v - 5 potions of might
Books
 A - a manual of Crossbows
Miscellaneous
 a - a lamp of fire
 k - a lamp of fire
 D - a phial of floods
 H - a sack of spiders
Comestibles
 c - 7 rations


   Skills:
 + Level 14.7 Fighting
 + Level 14.6(15.8) Axes
   Level 10.6(13.8) Polearms
 + Level 10.5 Armour
 + Level 6.5 Dodging
 + Level 0.3 Stealth


You had 8 spell levels left.
You didn't know any spells.

Dungeon Overview and Level Annotations

Branches:
Dungeon (1/1)

Altars:
Ashenzari
Cheibriados
Dithmenos
Elyvilon
Fedhas
Gozag
Hepliaklqana
Kikubaaqudgha
Makhleb
Nemelex Xobeh
Okawaru
Qazlal
Ru
Sif Muna
Trog
Uskayaw
Vehumet
Wu Jian
Xom
Yredelemnul
Zin
The Shining One
Beogh
Jiyva
Lugonu

Annotations:
D 1 transporter


Innate Abilities, Weirdness & Mutations

You reflexively headbutt those who attack you in melee.
You have a pair of horns on your head.


Message History

The centaur shoots an arrow.
The arrow barely misses you.
The merfolk hits you from afar with a trident!
* * * LOW HITPOINT WARNING * * *
The merfolk completely misses you. The centaur hits you.
* * * LOW HITPOINT WARNING * * *
The centaur shoots an arrow.
The arrow hits you!
* * * LOW HITPOINT WARNING * * *
The centaur hits you but does no damage.
The merfolk hits you with a trident!
* * * LOW HITPOINT WARNING * * *
The merfolk completely misses you. The centaur completely misses you.
Things that are here:
an arrow; a +0 hand axe of distortion; a merfolk corpse The centaur shoots an arrow.
The arrow closely misses you.
The centaur hits you but does no damage.
The merfolk hits you but does no damage.
The centaur shoots an arrow.
The arrow misses you.
The merfolk hits you from afar with a trident!
You die...

▓.▓..)..▓.▓.▓)..▓.▓
▓....©....▓...©...▓
▓▓▓▓▓▓▓▓▓▓▓▓▓▓▓▓▓▓▓
▓...8©8...▓..8©8..▓
▓..}=}.}..▓..).[..▓
▓...))....▓..}.}..▓
▓.........▓.......▓
▓....mm...▓.......▓
▓...)c(@.(▓.......▓
▓...)()c..▓....÷..▓
▓.........▓.▓.).▓.▓
▓...(©(.(.▓...©...▓
▓▓▓▓▓▓▓▓▓▓▓▓▓▓▓▓▓▓▓


You could see 2 merfolk and 2 centaurs.

Vanquished Creatures
  A black mamba (D)
  A naga mage (D)
  A spiny frog (D)
  A komodo dragon (D)
  2 merfolk (D)
  A slime creature (D)
  A basilisk (D)
  2 water moccasins (D)
  A hell hound (D)
  A floating eye (D)
  A porcupine (D)
  An eye of draining (D)
  A wolf (D)
  2 centaurs (D)
  A bullfrog (D)
  2 jellies (D)
  3 orc priests (D)
  3 orc wizards (D)
  2 mummies (D)
  An adder (D)
  A white imp (D)
  2 ufetubi (D)
  2 oozes (D)
  An adder zombie (D)
  An adder skeleton (D)
  An orc (D)
  A ball python (D)
  A ball python skeleton (D)
  A giant cockroach zombie (D)
  A quokka zombie (D)
41 creatures vanquished.

Notes
Turn   | Place    | Note
-------+----------+-------------------------------------------
     0 | D        | Found the +6 Majin-Bo {vamp, Archmagi MP+6 Int+6}
     0 | D        | Found the +7 great mace "Firestarter" {inner flame, rF++}
     0 | D        | Fang the Minotaur Berserker began the quest for the Orb.
     0 | D        | Reached XP level 1. HP: 19/19 MP: 0/0
     3 | D        | Found a blossoming altar of Fedhas.
     4 | D        | Found a viscous altar of Jiyva.
     4 | D        | Found a hazy altar of Hepliaklqana.
     4 | D        | Found a transporter.
     4 | D        | Found an opulent altar of Gozag.
     4 | D        | Found an ancient bone altar of Kikubaaqudgha.
     4 | D        | Found a corrupted altar of Lugonu.
     8 | D        | Found a burning altar of Makhleb.
     9 | D        | Found a sacrificial altar of Ru.
     9 | D        | Found a stormy altar of Qazlal.
     9 | D        | Found a deep blue altar of Sif Muna.
     9 | D        | Found an iron altar of Okawaru.
     9 | D        | Found a bloodstained altar of Trog.
     9 | D        | Found a sparkling altar of Nemelex Xobeh.
    76 | D        | Found the +6 shillelagh "Devastator" {shatter}
    76 | D        | Found the +11 plutonium sword {*Contam Stlth-}
    76 | D        | Found the +8 lance "Wyrmbane" {slay drac, rPois rF+ rC+ AC+3}
    76 | D        | Found the +9 sword of Zonguldrok {reap}
    76 | D        | Found the cursed +13 scythe of Curses {drain, *Curse}
    76 | D        | Found the +0 sword of Power
    76 | D        | Found the +12 mace of Variability {chaos}
    76 | D        | Found the +7 Singing Sword
    76 | D        | Found the +7 longbow "Piercer" {penet, EV-2}
    77 | D        | Found the +9 heavy crossbow "Sniper" {velocity, Acc+∞ SInv}
    77 | D        | Found the +10 dark maul {crush}
    77 | D        | Found the +15 Maxwell's patent armour {-Cast -Tele rElec MR+ rCorr}
    77 | D        | Found the +18 shield of the Gong {rElec rN+ MR+ EV-5}
    77 | D        | Found the cursed +14 obsidian axe {chop, +Fly SInv *Curse}
    82 | D        | Entered arena 2.
    82 | D        | Noticed a jelly
    82 | D        | Noticed a floating eye
    82 | D        | Found a transporter.
    84 | D        | Killed a jelly
    84 | D        | Reached skill level 5 in Fighting
    84 | D        | Reached skill level 5 in Axes
    84 | D        | Reached XP level 2. HP: 30/30 MP: 1/1
    84 | D        | Reached XP level 3. HP: 37/37 MP: 2/2
    86 | D        | Killed a floating eye
    86 | D        | Reached skill level 1 in Polearms
    86 | D        | Reached XP level 4. HP: 48/48 MP: 3/3
    94 | D        | Got the ring "Vyb Kio" {Str+3 Dex+9}
   132 | D        | Entered arena 3.
   132 | D        | Found a transporter.
   137 | D        | Reached ** piety under Trog
   137 | D        | Reached XP level 5. HP: 56/56 MP: 4/4
   142 | D        | Reached skill level 5 in Armour
   150 | D        | Got the ring "Imodd" {+Fly rC- AC+3 SInv}
   263 | D        | Entered arena 4.
   263 | D        | Found a transporter.
   266 | D        | Reached *** piety under Trog
   267 | D        | Reached XP level 6. HP: 66/66 MP: 5/5
   269 | D        | Reached **** piety under Trog
   269 | D        | Reached skill level 10 in Fighting
   450 | D        | Entered arena 5.
   450 | D        | Found a transporter.
   452 | D        | Reached ***** piety under Trog
   461 | D        | Received a gift from Trog
   461 | D        | Reached skill level 5 in Polearms
   483 | D        | Entered arena 6.
   483 | D        | Noticed a slime creature
   483 | D        | Found a transporter.
   484 | D        | Found the ring of Shadows {Umbra +Inv Stlth+}
   488 | D        | Killed a slime creature
   488 | D        | Reached skill level 10 in Axes
   488 | D        | Reached skill level 5 in Dodging
   488 | D        | Reached XP level 7. HP: 74/74 MP: 2/6
   545 | D        | Entered arena 7.
   545 | D        | Noticed a naga mage
   545 | D        | Noticed a black mamba
   546 | D        | Found the +8 demon blade "Leech" {vamp, rN+ AC-3 EV-3}
   547 | D        | Found a transporter.
   551 | D        | Killed a black mamba
   551 | D        | Received a gift from Trog
   551 | D        | Reached XP level 8. HP: 85/85 MP: 2/7
   557 | D        | Killed a naga mage
   557 | D        | Reached skill level 10 in Polearms
   576 | D        | Got the ring "Emeufit" {rC- Dex+4 SInv Stlth+}
   599 | D        | Entered arena 8.
   599 | D        | Noticed a spiny frog
   599 | D        | Noticed a komodo dragon
   601 | D        | Found a transporter.
   602 | D        | Killed a komodo dragon
   603 | D        | Received a gift from Trog
   614 | D        | Reached XP level 9. HP: 47/94 MP: 2/8
   614 | D        | Killed a spiny frog
   863 | D        | Entered arena 9.
   864 | D        | Found the +10 zealot's sword {holy, *Rage rN+ EV+3}
   867 | D        | Found a transporter.
   868 | D        | Reached ****** piety under Trog
   869 | D        | Received a gift from Trog
   888 | D        | Got the +5 robe of Forking Paths {-Cast +Inv rC+ rN++}
   912 | D        | Entered arena 10.
   912 | D        | Noticed a merfolk
   912 | D        | Noticed a merfolk
   912 | D        | Noticed a merfolk
   912 | D        | Noticed a merfolk
   914 | D        | Found a transporter.
   918 | D        | Reached skill level 10 in Armour
   919 | D        | Killed a merfolk
   922 | D        | Killed a merfolk
   922 | D        | Received a gift from Trog
   923 | D        | HP: 4/96 [merfolk/trident (11)]
   924 | D        | Slain by a merfolk

Skill      XL: |  1  2  3  4  5  6  7  8  9 |
---------------+----------------------------+-----
Fighting       | 5 8 9 11 12 13 14 | 14.7
Axes           | 5 7 8 9 10 11 13 14 | 14.6
Armour         | 3 4 5 6 7 8 10 | 10.5
Dodging        | 3 4 5 6 |  6.5
Polearms       | 1 2 4 7 9 10 | 10.6
Stealth        | |  0.3

Action                   |  1- 3 |  4- 6 |  7- 9 || total
-------------------------+-------+-------+-------++-------
Melee: Demon trident     |     3 |    21 |       ||    24
       Headbutt          |       |     9 |     7 ||    16
       War axe           |       |     3 |    28 ||    31
Invok: Berserk           |     1 |     1 |     3 ||     5
       Burn Spellbooks   |       |     1 |     1 ||     2
  Use: Scroll            |       |     4 |     4 ||     8
  Eat: Ration            |       |       |     1 ||     1
Armor: Shadow dragon sca |       |    10 |       ||    10
       Scale mail        |       |       |    20 ||    20
       Robe              |       |       |     6 ||     6
Dodge: Dodged            |       |     5 |    35 ||    40
